 Dungeon Crawl Stone Soup version 0.29.1-12-g30fa7ad0bf (webtiles) character file.

Game seed: 3529033820064969871

87404 wormed the Unseen (level 15, -11/80 HPs)
             Began as a Spriggan Hunter on Dec 28, 2022.
             Was the Champion of Okawaru.
             Mangled by a boulder beetle (26 damage)
             ... on level 14 of the Dungeon.
             The game lasted 01:38:57 (36984 turns).

wormed the Unseen (Spriggan Hunter)                Turns: 36984, Time: 01:38:57

Health: -11/80     AC:  8    Str:  7    XL:     15   Next: 43%
Magic:  22/22      EV: 34    Int: 12    God:    Okawaru [******]
Gold:   157        SH:  0    Dex: 25    Spells: 17/22 levels left

rFire   + . .      SeeInvis +   L - +5 shortbow (freeze)
rCold   + + +      Faith    .   (shield currently unavailable)
rNeg    + . .      Spirit   .   T - +4 skin of Zhor {*Englaciate rC+++ SInv}
rPois   .          Reflect  .   (helmet restricted)
rElec   .          Harm     .   t - +1 cloak {rCorr}
rCorr   +          Rampage  .   (gloves unavailable)
Will    +++..                   (boots unavailable)
Stlth   +++++++...              (no amulet)
HPRegen 0.23/turn               V - ring of the Rescuing Messenger {Wiz rN+ Will+ rCorr}
MPRegen 0.18/turn               l - ring of protection from fire

@: about to teleport, studying Stealth, very quick
A: very small, no large weapons, unfitting armour, see invisible, speed 3
a: Renounce Religion, Heroism, Finesse, Duel


You were on level 14 of the Dungeon.
You worshipped Okawaru.
Okawaru was exalted by your worship.
You visited 3 branches of the dungeon, and saw 20 of its levels.

You collected 1429 gold pieces.
You spent 1272 gold pieces at shops.

Inventory:

Hand Weapons
 c - a +0 arbalest
 G - a +2 shortbow of flaming
 L - a +5 shortbow of freezing (weapon)
 M - a +2 vorpal shortbow
Missiles
 E - a throwing net
Armour
 m - the +0 pearl dragon scales of Jigsaw {rF+ rN+ Will- Dex+5}
   (Okawaru gifted it to you on level 14 of the Dungeon)

   Dex:       It affects your dexterity (+5).
   rF:        It protects you from fire.
   rN:        It protects you from negative energy.
   Will:      It decreases your willpower.
 t - a +1 cloak of preservation (worn)
 z - the +1 animal skin of Daffodils {rN++}
   (Okawaru gifted it to you on level 14 of the Dungeon)

   rN:        It greatly protects you from negative energy.
 B - a +2 robe of willpower
 T - the +4 skin of Zhor (worn) {*Englaciate rC+++ SInv}
   (Okawaru gifted it to you on level 4 of the Lair of Beasts)

   It radiates cold, occasionally slowing all nearby creatures who are not
   resistant to cold.
   rC:        It renders you almost immune to cold.
   SInv:      It lets you see invisible.
Jewellery
 k - a ring of protection from cold
 l - a ring of protection from fire (right hand)
 o - a ring of willpower
 I - a ring of willpower
 V - the ring of the Rescuing Messenger (left hand) {Wiz rN+ Will+ rCorr}
   (You found it on level 5 of the Lair of Beasts)

   [ring of wizardry]

   It improves your spell success rate.
   rN:        It protects you from negative energy.
   rCorr:     It protects you from acid and corrosion.
   Will:      It increases your willpower.
Wands
 u - a wand of flame (8)
 v - a wand of polymorph (8)
 A - a wand of quicksilver (7)
 K - a wand of digging (5)
 O - a wand of roots (3)
 S - a wand of mindburst (7)
Scrolls
 a - 2 scrolls of brand weapon {unknown}
 b - 5 scrolls of immolation
 f - 4 scrolls of teleportation
 g - 7 scrolls of fear {unknown}
 h - 2 scrolls of vulnerability
 i - 7 scrolls of noise {unknown}
 p - 2 scrolls of torment
 q - 4 scrolls of enchant armour
 r - a scroll of silence
 w - a scroll of identify
 y - 2 scrolls of poison
 J - 2 scrolls of blinking
 Q - 2 scrolls of enchant weapon {unknown}
 U - a scroll of butterflies
Potions
 d - 11 potions of curing
 e - 5 potions of haste
 j - 2 potions of mutation
 n - 4 potions of flight
 s - 5 potions of degeneration
 x - 8 potions of ambrosia
 C - 2 potions of might
 D - 4 potions of lignification
 F - 3 potions of brilliance
 H - 2 potions of attraction
 P - 2 potions of cancellation {unknown}


   Skills:
 + Level 9.9 Fighting
 * Level 16.6 Ranged Weapons
 + Level 15.0 Dodging
 + Level 18.0 Stealth
 - Level 4.0 Spellcasting
 - Level 6.0 Translocations
 - Level 4.0 Air Magic
 + Level 7.2 Invocations
 - Level 8.0 Evocations


You had 17 spell levels left.
You knew the following spells:

 Your Spells              Type           Power      Damage    Failure   Level
a - Swiftness             Air            12%        N/A       5%          3
b - Blink                 Tloc           32%        N/A       1%          2

Your spell library contained the following spells:

 Spells                   Type           Power      Damage    Failure   Level
 Apportation              Tloc           32%        N/A       1%          1
 Lesser Beckoning         Tloc           16%        N/A       2%          3
 Shock                    Conj/Air       28%        1d4       4%          1
 Foxfire                  Conj/Fire      8%         2x1d4     9%          1
 Airstrike                Air            6%         2d(1-17)  16%         4
 Manifold Assault         Tloc           16%        N/A       21%         5
 Conjure Flame            Conj/Fire      2%         6-21      26%         3
 Inner Flame              Hex/Fire       2%         N/A       26%         3
 Flame Wave               Conj/Fire      2%         2d4       61%         4
 Leda's Liquefaction      Hex/Erth       1%         N/A       61%         4
 Alistair's Intoxication  Tmut/Pois      1%         N/A       91%         5
 Blade Hands              Tmut           1%         N/A       91%         5
 Irradiate                Conj/Tmut      1%         3d12      91%         5
 Lee's Rapid Deconstruct  Erth           1%         3d5*      91%         5
 Statue Form              Tmut/Erth      1%         N/A       100%        6
 Dragon Form              Tmut           1%         N/A       100%        7


Dungeon Overview and Level Annotations

Branches:
Dungeon (14/15)            Temple (1/1) D:4            Lair (5/5) D:10
 Shoals (0/4) Lair:2       Spider (0/4) Lair:3        Slime (0/5) Lair:5
    Orc (0/2) D:9          Vaults (0/5) D:13

Altars:
Ashenzari
Cheibriados
Dithmenos
Elyvilon
Fedhas
Gozag
Hepliaklqana
Kikubaaqudgha
Makhleb
Nemelex Xobeh
Okawaru
Qazlal
Ru
Sif Muna
Trog
Uskayaw
Vehumet
Wu Jian
Xom
Yredelemnul
Zin
The Shining One

Shops:
D:3 :   D:8 *   D:14 *

Annotations:
Lair:3 Urug


Innate Abilities, Weirdness & Mutations

You are very small and have problems with some larger weapons.
You are too small for most types of armour.
You have supernaturally acute eyesight. (SInv)
You cover ground extremely quickly. (Speed+++)


Message History

Your attack delay is about 1.1 (and cannot be improved with additional weapon skill) (and is slowed by your armour).
Your base attributes are Str 7, Int 12, Dex 25.
You start removing your armour.
You continue taking off the +0 pearl dragon scales of Jigsaw {rF+ rN+ Will- Dex+5}. x4
You finish taking off the +0 pearl dragon scales of Jigsaw {rF+ rN+ Will- Dex+5}.
You start putting on your armour.
You continue putting on the +4 skin of Zhor {*Englaciate rC+++ SInv}. x5
You finish putting on the +4 skin of Zhor {*Englaciate rC+++ SInv}.
A yaktaur captain is nearby!
Press: ? - help, v - describe, . - travel
Here: a yaktaur captain, wielding a +0 arbalest, wearing an amulet of the acrobat and quivering poisoned darts (wandering, hasn't noticed you)
The floor.
Aiming: Mindburst
Press: ? - help, Shift-Dir - straight line, f/p - yaktaur captain
Aim: a yaktaur captain, wielding a +0 arbalest, wearing an amulet of the acrobat and quivering poisoned darts (wandering, hasn't noticed you, chance to affect: 60%)
The yaktaur captain shouts!
The yaktaur captain resists with significant effort.
The yaktaur captain shoots a bolt.
The bolt completely misses you.
A cyclops comes into view.
The yaktaur captain unwields a +0 arbalest.
The yaktaur captain wields a +0 rapier.
The yaktaur captain barely misses you.
You shoot an arrow.
The arrow hits the yaktaur captain but does no damage.
You shoot an arrow.
The arrow barely misses the yaktaur captain.
The yaktaur captain hits you with a +0 rapier!
You shoot an arrow. The arrow hits the yaktaur captain!
The arrow freezes the yaktaur captain.
The yaktaur captain is lightly wounded.
The boulder beetle curls into a ball and begins rolling!
The yaktaur captain hits you with a +0 rapier!
The yaktaur captain unwields a +0 rapier.
The yaktaur captain wields a +0 arbalest.
The yaktaur captain shoots a bolt.
The bolt hits you!!!
Ouch! That really hurt!
* * * LOW HITPOINT WARNING * * *
As you read the scroll of teleportation, it crumbles to dust.
You feel strangely unstable. The boulder beetle hits you!!
You die...

###########################
.........#.#....@.........#
........#.#.#..B..........#
. ##...#.#.#.#°..###.###..#
.##...#.#.#c#°#...##..##..#
.#...#.#.#.#°#.#...#...#..#
....#.#.#..°#.#.#.........#
...#.#.##...##.#.#.).###..#
..#.#.##..#..##(#.#...##..#
.#.#.##..#○#..##.#.#...#..#


You could see a yaktaur captain and a boulder beetle (rolling).

Vanquished Creatures
  Rupert (D:14)
  A fire giant (D:14)
  An ironbound preserver (D:13)
  Josephine (D:12)
  2 boulder beetles
  16 hydras
  A catoblepas (D:14)
  8 centaur warriors
  Erica (D:9)
  2 death knights
  5 tengu warriors
  An orc high priest (D:14)
  A harpy (shapeshifter) (D:14)
  A lindwurm (shapeshifter) (D:14)
  2 deep elf pyromancers (D:13)
  A wolf spider (D:14)
  14 ugly things
  2 cyclopes
  A moth of wrath (shapeshifter) (D:14)
  26 elephants
  Maurice (D:9)
  6 black mambas
  16 cane toads
  A torpor snail (Lair:5)
  3 rime drakes
  10 komodo dragons
  2 efreet (D:14)
  4 meliai
  A queen bee (Lair:1)
  2 trolls
  5 hornets
  5 polar bears
  A tarantella (shapeshifter) (D:14)
  A wind drake (shapeshifter) (D:13)
  A raiju (shapeshifter) (D:14)
  6 dream sheep (Lair:5)
  10 blink frogs
  10 slime creatures
  2 jumping spiders (Lair:3)
  A culicivora (shapeshifter) (D:14)
  2 shadows
  12 spriggans (Lair:5)
  Sigmund (D:2)
  5 wraiths
  42 yaks
  2 vampires (D:11)
  7 wyverns
  Grum (D:8)
  5 basilisks
  A steam dragon (D:8)
  A redback (Lair:3)
  16 vampire mosquitoes
  2 wargs (D:9)
  Menkaure (D:4)
  2 acid dragons
  Duvessa (D:5)
  17 water moccasins
  3 orc warriors
  3 ice beasts
  5 black bears
  2 sky beasts (D:7)
  3 ogres
  32 wolves
  4 boggarts
  4 centaurs
  2 phantoms
  A kobold brigand (D:6)
  5 bullfrogs
  3 necrophages
  A scorpion (D:7)
  A scorpion (shapeshifter) (D:14)
  10 wights
  Dowan (D:6)
  27 killer bees
  A howler monkey (D:4)
  3 electric eels
  3 gnoll boudas
  4 orc priests
  Crazy Yiuf (D:4)
  4 jellies
  Ijyb (D:4)
  11 orc wizards
  3 iguanas
  7 hell rats
  17 gnolls
  7 adders
  11 river rats (Lair:4)
  2 shadow imps (D:5)
  A white imp (D:5)
  2 ufetubi (D:4)
  A worm (D:5)
  2 dart slugs
  26 orcs
  7 ball pythons
  9 endoplasms
  6 giant cockroaches
  16 goblins
  6 hobgoblins
  4 jackals (D:4)
  10 kobolds
  2 quokkas (D:1)
  5 bats
  5 frilled lizards
  9 rats
587 creatures vanquished.

Vanquished Creatures (others)
  36 fungi
  84 plants
120 creatures vanquished.

Grand Total: 707 creatures vanquished

Notes
Turn   | Place    | Note
-------+----------+-------------------------------------------
     0 | D:1      | wormed the Spriggan Hunter began the quest for the Orb.
     0 | D:1      | Reached XP level 1. HP: 10/10 MP: 2/2
   475 | D:1      | Reached skill level 2 in Stealth
   479 | D:1      | Reached XP level 2. HP: 15/15 MP: 3/3
  1007 | D:2      | Reached XP level 3. HP: 18/18 MP: 4/4
  1257 | D:2      | Noticed Sigmund
  1526 | D:3      | Found Upnowecs's Book Shoppe.
  1792 | D:3      | Found a faded altar of an unknown god.
  1853 | D:3      | Found a blossoming altar of Fedhas.
  2038 | D:4      | Found a staircase to the Ecumenical Temple.
  2068 | D:4      | Reached XP level 4. HP: 20/23 MP: 5/5
  2069 | D:4      | Reached skill level 3 in Stealth
  2137 | Temple   | Entered the Ecumenical Temple
  2343 | D:4      | Reached skill level 5 in Ranged Weapons
  2480 | D:4      | Reached XP level 5. HP: 27/27 MP: 6/6
  2787 | D:4      | Noticed Menkaure
  2945 | D:4      | Noticed Ijyb
  3039 | D:4      | Killed Menkaure
  3040 | D:4      | Reached skill level 4 in Stealth
  3040 | D:4      | Reached XP level 6. HP: 32/32 MP: 7/7
  3188 | D:4      | Found a runed translucent door.
  3189 | D:4      | Noticed Crazy Yiuf
  3602 | D:5      | Entered Level 5 of the Dungeon
  3758 | D:4      | Reached skill level 5 in Stealth
  4123 | D:2      | Reached skill level 5 in Dodging
  4575 | D:2      | Killed Sigmund
  4576 | D:2      | Reached XP level 7. HP: 24/36 MP: 8/8
  4776 | D:5      | Noticed Duvessa
  5682 | D:4      | Killed Crazy Yiuf
  5779 | D:5      | Noticed Dowan
  6038 | D:4      | Killed Ijyb
  6039 | D:4      | Reached skill level 6 in Stealth
  6186 | D:5      | Found an iron altar of Okawaru.
  6194 | D:5      | Became a worshipper of Warmaster Okawaru
  6730 | D:4      | Reached XP level 8. HP: 42/42 MP: 9/9
  7611 | D:5      | Reached skill level 7 in Stealth
  8133 | D:6      | Identified the +1 kite shield "Esatt" {*Corrode rPois rC+
                  | rN+}
  8390 | D:6      | Reached * piety under Okawaru
  8822 | D:6      | Reached skill level 8 in Stealth
  8955 | D:6      | Reached XP level 9. HP: 46/46 MP: 10/10
  9559 | D:5      | Killed Duvessa
  9559 | D:5      | Reached ** piety under Okawaru
  9620 | D:6      | Killed Dowan
  9875 | D:7      | Learned a level 3 spell: Swiftness
 10020 | D:7      | Found a burning altar of Makhleb.
 10115 | D:7      | Reached skill level 5 in Fighting
 10115 | D:7      | Reached skill level 9 in Stealth
 11535 | D:7      | Reached skill level 1 in Spellcasting
 12008 | D:8      | Found an ancient bone altar of Kikubaaqudgha.
 12025 | D:8      | Reached *** piety under Okawaru
 12026 | D:8      | Reached skill level 10 in Ranged Weapons
 12240 | D:7      | Reached skill level 10 in Stealth
 12240 | D:7      | Reached XP level 10. HP: 29/51 MP: 12/14
 12454 | D:8      | Found a sacrificial altar of Ru.
 12572 | D:8      | Found a white marble altar of Elyvilon.
 12616 | D:8      | Found Paiph's Overcharged Wands.
 12769 | D:8      | Noticed Grum
 12773 | D:8      | Killed Grum
 13019 | D:9      | Found a snail-covered altar of Cheibriados.
 13035 | D:9      | Noticed a brown ugly thing
 13406 | D:8      | Killed a brown ugly thing
 13545 | D:8      | Reached **** piety under Okawaru
 13674 | D:9      | Found a hide-covered altar of Uskayaw.
 13868 | D:9      | Noticed Erica
 13880 | D:9      | Noticed Maurice
 13997 | D:9      | Killed Erica
 13997 | D:9      | Received a gift from Okawaru
 13998 | D:9      | Reached skill level 11 in Stealth
 14066 | D:9      | Reached skill level 10 in Dodging
 14245 | D:9      | Killed Maurice
 14245 | D:9      | Reached ***** piety under Okawaru
 14246 | D:9      | Reached XP level 11. HP: 58/58 MP: 18/18
 14289 | D:9      | Found a staircase to the Orcish Mines.
 14370 | D:10     | Entered Level 10 of the Dungeon
 14481 | D:10     | Received a gift from Okawaru
 14600 | D:10     | Reached skill level 1 in Evocations
 14992 | D:10     | Reached skill level 1 in Air Magic
 15160 | D:10     | Found a staircase to the Lair.
 15609 | Lair:1   | Entered Level 1 of the Lair of Beasts
 16128 | Lair:1   | Reached skill level 12 in Stealth
 16196 | Lair:1   | Noticed a five-headed hydra
 16252 | Lair:1   | Killed a five-headed hydra
 17007 | Lair:2   | Noticed a six-headed hydra
 17066 | Lair:2   | Noticed an eight-headed hydra
 17095 | Lair:2   | Killed an eight-headed hydra
 17100 | Lair:2   | Found a staircase to the Shoals.
 17221 | Lair:2   | Reached skill level 5 in Evocations
 17343 | Lair:2   | Received a gift from Okawaru
 17409 | Lair:2   | Killed a six-headed hydra
 17934 | Lair:1   | Reached XP level 12. HP: 63/63 MP: 19/19
 19299 | Lair:2   | Received a gift from Okawaru
 19412 | Lair:2   | Reached skill level 13 in Stealth
 19798 | D:3      | Bought a book of Spatial Translocations for 312 gold pieces
 19804 | D:3      | Learned a level 2 spell: Blink
 20384 | Lair:3   | Reached skill level 1 in Translocations
 20654 | Lair:3   | Reached ****** piety under Okawaru
 20710 | Lair:3   | Received a gift from Okawaru
 20745 | Lair:3   | Found a hole to the Spider Nest.
 20982 | Lair:3   | Received a gift from Okawaru
 21441 | Lair:4   | Noticed Urug
 22466 | Lair:4   | Reached skill level 1 in Invocations
 22479 | Lair:4   | Reached skill level 14 in Stealth
 22537 | Lair:4   | Reached XP level 13. HP: 53/68 MP: 20/20
 22653 | Lair:4   | Found the ring of the Mage {Wiz Archmagi}
 23431 | Lair:4   | Received a gift from Okawaru
 24228 | Lair:5   | Entered Level 5 of the Lair of Beasts
 24987 | Lair:5   | Reached skill level 5 in Translocations
 25317 | Lair:4   | Received a gift from Okawaru
 25317 | Lair:4   | Found the +4 skin of Zhor {*Englaciate rC+++ SInv}
 25466 | Lair:4   | Reached skill level 15 in Stealth
 26050 | Lair:5   | Identified the +1 robe of the Sun {rN+}
 26336 | Lair:5   | Reached XP level 14. HP: 74/74 MP: 21/21
 26556 | Lair:5   | Identified the ring of the Rescuing Messenger {Wiz rN+
                  | Will+ rCorr}
 26727 | Lair:5   | Found a staircase to the Slime Pits.
 27009 | Lair:5   | Identified the +6 acid dragon scales of the Ageless Places
                  | {-Tele Harm rN+++ rCorr Dex-4} (Okawaru gifted it to you on
                  | level 5 of the Lair of Beasts)
 27009 | Lair:5   | Received a gift from Okawaru
 27024 | Lair:5   | Reached skill level 15 in Ranged Weapons
 27580 | D:11     | Reached skill level 5 in Invocations
 28706 | D:12     | Reached skill level 16 in Stealth
 28986 | D:12     | Noticed Josephine
 29010 | D:12     | Killed Josephine
 30656 | D:13     | Noticed an ironbound preserver
 30896 | D:13     | Killed an ironbound preserver
 32088 | D:13     | Found a burning altar of Makhleb.
 32091 | D:13     | Noticed an Executioner
 32157 | D:13     | Found a gate to the Vaults.
 32757 | D:14     | Identified the +1 animal skin of Daffodils {rN++} (Okawaru
                  | gifted it to you on level 14 of the Dungeon)
 32757 | D:14     | Received a gift from Okawaru
 32873 | D:14     | Noticed Rupert
 32964 | D:14     | Killed Rupert
 33198 | D:14     | Reached XP level 15. HP: 79/79 MP: 22/22
 33564 | D:14     | Found Feoligif's General Store.
 33871 | D:3      | Bought a manual of Stealth for 960 gold pieces
 34383 | D:14     | Reached skill level 17 in Stealth
 35358 | D:14     | Noticed a fire giant
 35371 | D:14     | HP: 1/80 [meliai/divine providence (14)]
 35701 | D:14     | Killed a fire giant
 36147 | D:14     | Reached skill level 15 in Dodging
 36160 | D:14     | Reached skill level 18 in Stealth
 36718 | D:14     | Identified the +0 pearl dragon scales of Jigsaw {rF+ rN+
                  | Will- Dex+5} (Okawaru gifted it to you on level 14 of the
                  | Dungeon)
 36718 | D:14     | Received a gift from Okawaru
 36984 | D:14     | Mangled by a boulder beetle

Illustrated notes

Levels and vault maps discovered:
D:1:      minmay_arrival_glassed_features, layout_basic
D:2:      layout_loops_corners, kennysheep_nub, chequers_serial_rivers_small_b,
          kennysheep_generic_room_2, uniq_sigmund
D:3:      layout_loops_ring, fedhas_altar_fruit_tree,
          ebering_ecumenical_altar_box, serial_shops, shop
D:4:      kennysheep_the_goblin_king, layout_rooms,
          minmay_temple_entry_purple_smoke, uniq_menkaure,
          uniq_crazy_yiuf_cottage
D:5:      layout_gridville, kennysheep_okawaru_gauntlet, uniq_duvessa
D:6:      layout_basic, feat_on_display
D:7:      layout_rooms, mainiacjoe_overflow_alcove_1, corexii_leaking_fountain,
          nrook_pool_corridor
D:8:      layout_cave_pools, overflow_temple_1_default, elyvilon_altar_3,
          nicolae_ru_awakened_eye, nicolae_shop_overcharged_wands, uniq_grum
D:9:      layout_basic, kennysheep_slug_shrine, mainiacjoe_overflow_chevrons,
          david_orc_3, uniq_maurice, uniq_erica
D:10:     layout_basic, david_lair_shrubbed
D:11:     layout_grid_maze
D:12:     layout_basic, uniq_josephine
D:13:     layout_loops_corners, skrybe_vaults_entry_preservation, serial_glass,
          glass_columns_a, glass_columns_a, makhleb_altar_promises_db
D:14:     evilmike_diamond_2, layout_basic, serial_shops, kennysheep_little_box,
          reono_crystal_passage, uniq_rupert
Temple:   eino_temple_lava
Lair:1:   layout_long_grid, special_room [special_room_bee],
          nicolae_lair_grove_arrangements, serial_bayou_shore_a,
          grunt_megastairs_2, lemuel_fruit_fields, lemuel_fruit_tree
Lair:2:   layout_loops_ring, shoals_dummy_entry, nicolae_quartered_pool_impasse,
          serial_bayou_lake_a
Lair:3:   layout_cave_pods, spider_nest_entry_a
Lair:4:   layout_cave_pods, kennysheep_rathole, grunt_megastairs_1, uniq_urug
Lair:5:   minmay_lair_end_enchanted_forest, layout_cave_pods, slime_entry_1,
          grunt_megastairs_5

Skill      XL: |  1  2  3  4  5  6  7  8  9 10 11 12 13 14 15 |
---------------+----------------------------------------------+-----
Stealth        | 2 3 4 5 6 8 10 11 12 14 15 16 18 | 18.0
Dodging        | 3 4 5 6 7 8 10 11 12 13 14 15 | 15.0
Fighting       | 2 3 4 5 6 7 8 9 |  9.9
Ranged Weapons | 5 6 7 8 10 11 12 13 14 16 | 16.6
Spellcasting   | 2 4 |  4.0
Evocations     | 6 8 |  8.0
Air Magic      | 4 |  4.0
Translocations | 4 5 6 |  6.0
Invocations    | 1 4 6 7 |  7.2

Action                   |  1- 3 |  4- 6 |  7- 9 | 10-12 | 13-15 || total
-------------------------+-------+-------+-------+-------+-------++-------
Melee: Shortbow          |       |       |     5 |       |       ||     5
       Arbalest          |       |       |       |    37 |       ||    37
 Fire: Shortbow          |   114 |   145 |   530 |   315 |  1520 ||  2624
       Arbalest          |       |       |       |   557 |    76 ||   633
Throw: Throwing net      |       |       |       |     1 |       ||     1
 Cast: Blink             |       |       |       |       |     3 ||     3
Evoke: Wand              |       |       |    16 |     1 |     7 ||    24
  Use: Scroll            |       |     7 |     5 |     4 |     8 ||    24
       Potion            |       |       |     1 |     3 |     6 ||    10
Armor: Robe              |     3 |       |    12 |    53 |    12 ||    80
       Skin              |       |       |    10 |       |       ||    10
       Animal skin       |       |       |       |       |    12 ||    12
Dodge: Dodged            |    31 |    30 |   142 |   679 |   415 ||  1297
